 Dungeon Crawl Stone Soup version 0.30-a0-476-g330ca2eb8e (webtiles) character file.

Game seed: 17792556088509233896

72606 bmack86 the Severer (level 15, -17/139 HPs)
             Began as a Minotaur Fighter on Dec 22, 2022.
             Was a High Priest of Okawaru.
             Shot with an arrow by Nessos (18 damage)
             ... on level 12 of the Dungeon.
             The game lasted 01:06:36 (16397 turns).

bmack86 the Severer (Minotaur Fighter)             Turns: 16397, Time: 01:06:36

Health: -17/139    AC: 25    Str: 32    XL:     15   Next: 1%
Magic:  20/20      EV:  8    Int:  7    God:    Okawaru [*****.]
Gold:   650        SH:  7    Dex: 10    Spells: 14/14 levels left

rFire   . . .      SeeInvis .    B - +8 broad axe (vorpal)
rCold   . . .      Faith    .    c - +0 buckler
rNeg    . . .      Spirit   .    C - +0 plate armour
rPois   .          Reflect  .    P - +0 hat {Will+}
rElec   .          Harm     .    l - +1 cloak
rCorr   .          Rampage  ∞    R - +0 pair of gloves
Will    +++..                    v - +3 pair of seven-league boots {Rampage+∞}
Stlth   ..........               M - amulet of regeneration
HPRegen 1.23/turn                Q - ring of willpower
MPRegen 0.17/turn                L - +6 ring of strength

@: lethally poisoned (-17 -> -39), studying Fire Magic
A: horns 2, retaliatory headbutt
a: Renounce Religion, Heroism, Finesse, Duel


You were on level 12 of the Dungeon.
You worshipped Okawaru.
Okawaru was extremely pleased with you.
You visited 3 branches of the dungeon, and saw 18 of its levels.
You also visited: Bailey.

You collected 1442 gold pieces.
You spent 792 gold pieces at shops.

Inventory:

Hand Weapons
 a - a +5 spectral war axe
 B - a +8 vorpal broad axe (weapon)
Missiles
 n - 33 poisoned darts
 A - 33 boomerangs
 F - 2 silver javelins (quivered)
 H - 14 javelins
 K - 7 atropa-tipped darts
Armour
 c - a +0 buckler (worn)
 l - a +1 cloak (worn)
 v - the +3 pair of seven-league boots (worn) {Rampage+∞}
   (You acquired it on level 3 of the Lair of Beasts)

   Its wearer moves as far as possible in that direction when moving towards
   enemies.
 C - a +0 plate armour (worn)
 P - a +0 hat of willpower (worn)
 R - a +0 pair of gloves (worn)
Jewellery
 w - a ring of resist corrosion
 J - a +6 ring of intelligence
 L - a +6 ring of strength (right hand)
 M - an amulet of regeneration (around neck)
 Q - a ring of willpower (left hand)
Wands
 q - a wand of flame (17)
 t - a wand of quicksilver (9)
 G - a wand of polymorph (5)
 N - a wand of digging (7)
 O - a wand of paralysis (8)
Scrolls
 k - a scroll of silence
 o - 6 scrolls of fear
 p - 9 scrolls of teleportation
 x - 3 scrolls of magic mapping
 y - 7 scrolls of fog
 D - 4 scrolls of blinking
Potions
 b - a potion of magic
 d - 5 potions of attraction
 e - 11 potions of ambrosia
 f - 4 potions of mutation
 g - 6 potions of lignification
 h - 5 potions of flight
 i - 2 potions of resistance
 j - 11 potions of curing
 m - 7 potions of heal wounds
 r - a potion of cancellation
 u - 2 potions of invisibility
 z - 5 potions of might
 T - a potion of brilliance {unknown}
Miscellaneous
 s - a lightning rod (4/4)
 W - a piece from Xom's chessboard (15/15)


   Skills:
 + Level 14.4 Fighting
 - Level 18.0 Axes
 - Level 5.0 Throwing
 + Level 14.3 Armour
 + Level 14.4 Shields
 - Level 8.0 Invocations


You had 14 spell levels left.
You didn't know any spells.
Your spell library contained the following spells:

 Spells                   Type           Power      Damage    Failure   Level
 Slow                     Hex            0%         N/A       95%         1
 Cigotuvi's Dreadful Rot  Necr/Pois/Air  0%         N/A       99%         2
 Poisonous Vapours        Pois/Air       0%         N/A       99%         2
 Scorch                   Fire           0%         2d5       99%         2
 Sublimation of Blood     Necr           0%         N/A       99%         2
 Wereblood                Tmut           0%         N/A       99%         2
 Confusing Touch          Hex            0%         N/A       100%        3
 Inner Flame              Hex/Fire       0%         N/A       100%        3
 Mephitic Cloud           Conj/Pois/Air  0%         N/A       100%        3
 Vampiric Draining        Necr           0%         2d6       100%        3
 Vhi's Electric Charge    Tloc/Air       0%         N/A       100%        3
 Flame Wave               Conj/Fire      0%         2d4       100%        4
 Leda's Liquefaction      Hex/Erth       0%         N/A       100%        4
 Sticky Flame             Conj/Fire      0%         2d3       100%        4
 Arcjolt                  Conj/Air       0%         1d10      100%        5
 Lee's Rapid Deconstruct  Erth           0%         3d4*      100%        5
 Statue Form              Tmut/Erth      0%         N/A       100%        6
 Storm Form               Tmut/Air       0%         N/A       100%        7
 Maxwell's Capacitive Co  Air            0%         ∞         100%        8
 Summon Hydra             Summ           Unusable   N/A       N/A         7

Dungeon Overview and Level Annotations

Branches:
Dungeon (12/15)            Temple (1/1) D:6            Lair (5/5) D:9
  Swamp (0/4) Lair:2        Snake (0/4) Lair:3        Slime (0/5) Lair:5
    Orc (0/2) D:10         Bailey (visited)

Altars:
Ashenzari
Cheibriados
Dithmenos
Elyvilon
Fedhas
Gozag
Hepliaklqana
Kikubaaqudgha
Makhleb
Nemelex Xobeh
Okawaru
Qazlal
Ru
Sif Muna
Trog
Uskayaw
Vehumet
Wu Jian
Xom
Yredelemnul
Zin
The Shining One
Jiyva

Shops:
D:2 :   D:10 =

Annotations:
D:12 Nessos
Lair:5 exclusion: obsidian statue


Innate Abilities, Weirdness & Mutations

You have a pair of horns on your head.
You reflexively headbutt those who attack you in melee.


Message History

Nessos is heavily wounded.
You feel very sick. Nessos barely misses you. You block Nessos's attack.
You hit Nessos.
Nessos is severely wounded.
You feel sick. You block Nessos's attack. Nessos kicks you but does no damage.
You slash Nessos! You headbutt Nessos.
Nessos is almost dead.
You feel sick.
Nessos mumbles some strange words.
Nessos blinks!
Nessos wields a +3 longbow of flaming.
It bursts into flame!
Nessos shoots an arrow.
You block the arrow.
You feel sick.
Nessos casts a spell.
Nessos blinks!
You feel sick.
You feel sick.
Nessos gestures wildly while chanting.
Nessos seems to speed up.
Nessos shoots an arrow.
The arrow hits you! The arrow burns you.
You feel sick.
Nessos shoots an arrow.
The arrow barely misses you.
You feel sick.
Nessos shoots an arrow.
The arrow hits you! The arrow burns you.
You are more poisoned.
* * * LOW HITPOINT WARNING * * *
Nessos mumbles some strange words.
Nessos blinks!
You feel very sick.
Nessos mumbles some strange words.
Nessos blinks!
Nessos says, "Study your classics!"
Nessos shoots an arrow.
You block the arrow.
Nessos shoots an arrow.
The arrow hits you!!
* * * LOW HITPOINT WARNING * * *
The arrow burns you!
You are lethally poisoned!
* * * LOW HITPOINT WARNING * * *
* * * LOW HITPOINT WARNING * * *
You feel extremely sick.
Nessos shoots an arrow.
The arrow hits you!!
You die...

#.#.# #...#
#...# #.#.#
#.#.# #.#.#
#####
#...###.....
#....§..# .
#...@#..#...
#.#......c..
#...........
############


You could see Nessos (fast).

Vanquished Creatures
  An orc warlord (Bailey)
  4 dire elephants (Lair:5)
  A minotaur (Lair:4)
  Snorg (Lair:4)
  3 hydras (Lair:5)
  A catoblepas (Lair:1)
  4 two-headed ogres
  5 death yaks
  A spectral death yak (Lair:5)
  Amaemon (D:9)
  A spectral anaconda (Lair:5)
  A swamp dragon (Lair:2)
  4 necromancers (Lair:5)
  An oklob plant (Lair:1)
  23 elephants
  6 black mambas
  A gargoyle (D:11)
  An orange demon (D:9)
  10 cane toads
  A torpor snail (Lair:2)
  6 komodo dragons
  An unseen horror (D:10)
  4 rime drakes
  5 kobold demonologists (D:10)
  3 polar bears
  A queen bee (Lair:1)
  14 slime creatures
  A hornet (D:6)
  2 trolls
  13 blink frogs
  A raiju (shapeshifter) (D:8)
  2 spectral elephants (Lair:5)
  4 dream sheep (Lair:2)
  A wyvern (Lair:3)
  A dire elephant simulacrum (Lair:5)
  2 shadows (D:11)
  A wraith (D:11)
  73 yaks
  4 fire bats (Lair:5)
  Eustachio (D:4)
  4 basilisks
  Menkaure (D:5)
  A death yak simulacrum (Lair:5)
  A steam dragon (D:8)
  8 water moccasins
  A naga (Lair:3)
  Duvessa (D:5)
  An acid dragon (D:9)
  13 orc warriors
  A swamp drake (D:10)
  A sky beast (D:6)
  A black bear (D:5)
  12 ice beasts
  2 ogres
  9 wolves
  An elephant zombie (Lair:5)
  3 centaurs
  2 elephant skeletons (Lair:5)
  2 phantoms (D:5)
  4 kobold brigands
  A gnoll sergeant (D:11)
  Blork the orc (D:5)
  7 bullfrogs
  4 scorpions
  A wight (D:8)
  Dowan (D:5)
  34 killer bees
  6 howler monkeys
  2 electric eels (D:10)
  7 hounds
  6 orc priests
  3 jellies
  2 iguanas
  10 orc wizards
  7 hell rats (Lair:1)
  Robin (D:2)
  12 gnolls
  8 adders
  3 white imps
  3 ufetubi
  A worm (D:5)
  3 dart slugs
  78 orcs
  6 endoplasms
  5 giant cockroaches
  17 goblins
  9 hobgoblins
  2 jackals (D:1)
  18 kobolds
  3 quokkas
  7 ball pythons
  6 bats
  6 frilled lizards
  7 rats
  A bush (Lair:3)
  A fire vortex (Lair:5)
  A withered plant (Lair:5)
570 creatures vanquished.

Vanquished Creatures (others)
  11 fungi
  17 plants
  20 withered plants (Lair:5)
48 creatures vanquished.

Grand Total: 618 creatures vanquished

Notes
Turn   | Place    | Note
-------+----------+-------------------------------------------
     0 | D:1      | bmack86 the Minotaur Fighter began the quest for the Orb.
     0 | D:1      | Reached XP level 1. HP: 19/19 MP: 0/0
   121 | D:1      | Reached XP level 2. HP: 27/27 MP: 1/1
   353 | D:1      | Reached skill level 3 in Axes
   371 | D:1      | Found a faded altar of an unknown god.
   836 | D:2      | Found Vejebe's Book Boutique.
   841 | D:2      | Reached XP level 3. HP: 33/33 MP: 2/2
   881 | D:2      | Noticed Robin
   890 | D:2      | Killed Robin
   938 | D:2      | Reached XP level 4. HP: 36/40 MP: 3/3
  1793 | D:3      | Reached skill level 4 in Axes
  2255 | D:4      | Noticed an ogre
  2264 | D:4      | HP: 2/41 [ogre/+0 giant club (25)]
  2267 | D:4      | Killed an ogre
  2268 | D:4      | Reached skill level 1 in Throwing
  2268 | D:4      | Reached XP level 5. HP: 3/47 MP: 4/4
  2476 | D:4      | You fall into a shaft and drop 3 floors!
  2565 | D:6      | Reached XP level 6. HP: 48/55 MP: 5/5
  2587 | D:5      | Entered Level 5 of the Dungeon
  2601 | D:5      | Reached skill level 5 in Fighting
  2601 | D:5      | Reached skill level 5 in Axes
  2601 | D:5      | Reached skill level 5 in Armour
  2601 | D:5      | Reached skill level 5 in Shields
  2646 | D:5      | Noticed a water moccasin
  2652 | D:5      | Killed a water moccasin
  2659 | D:5      | Noticed a yak
  2662 | D:5      | Noticed an ice beast
  2684 | D:5      | Reached XP level 7. HP: 56/61 MP: 6/6
  2690 | D:5      | Reached skill level 6 in Axes
  2874 | D:5      | Killed a yak
  2936 | D:5      | Reached skill level 7 in Axes
  2936 | D:5      | Reached XP level 8. HP: 56/70 MP: 7/7
  3005 | D:5      | Noticed Duvessa
  3006 | D:5      | Noticed Dowan
  3015 | D:5      | Killed Duvessa
  3026 | D:5      | Killed Dowan
  3132 | D:4      | Noticed Eustachio
  3146 | D:4      | Killed Eustachio
  3826 | D:5      | Noticed Blork the orc
  3833 | D:5      | Killed Blork the orc
  3839 | D:5      | Reached skill level 8 in Axes
  4091 | D:5      | Noticed Menkaure
  4100 | D:5      | Killed Menkaure
  4432 | D:6      | Reached XP level 9. HP: 56/78 MP: 8/8
  4443 | D:6      | Found a staircase to the Ecumenical Temple.
  4455 | Temple   | Entered the Ecumenical Temple
  4501 | Temple   | Became a worshipper of Warmaster Okawaru
  4764 | D:6      | Reached skill level 9 in Axes
  5257 | D:6      | Found a white marble altar of Elyvilon.
  5257 | D:6      | Found a glowing silver altar of Zin.
  5265 | D:6      | Found a faded altar of an unknown god.
  5268 | D:6      | Found a glowing golden altar of the Shining One.
  5270 | D:6      | Found a shadowy altar of Dithmenos.
  6032 | D:7      | Found a runed translucent door.
  6068 | D:7      | Reached * piety under Okawaru
  6328 | D:8      | Reached skill level 5 in Throwing
  6366 | D:8      | Reached skill level 10 in Axes
  6381 | D:8      | Reached XP level 10. HP: 20/88 MP: 9/9
  6652 | D:8      | Reached ** piety under Okawaru
  6720 | D:8      | Noticed a two-headed ogre
  6730 | D:8      | Killed a two-headed ogre
  6731 | D:8      | Reached skill level 11 in Axes
  6731 | D:8      | Reached skill level 1 in Invocations
  6802 | D:8      | Noticed a two-headed ogre
  6808 | D:8      | Killed a two-headed ogre
  6808 | D:8      | Reached *** piety under Okawaru
  7202 | D:9      | Received a gift from Okawaru
  7210 | D:9      | Reached skill level 12 in Axes
  7231 | D:9      | Found a staircase to the Lair.
  7263 | D:9      | Found a flagged portal.
  7286 | Bailey   | Entered a bailey
  7304 | Bailey   | Noticed an orc warlord
  7429 | Bailey   | Found a runed translucent gate.
  7429 | Bailey   | Found a runed translucent gate.
  7429 | Bailey   | Found a runed translucent gate.
  7698 | Bailey   | Killed an orc warlord
  7698 | Bailey   | Reached **** piety under Okawaru
  7699 | Bailey   | Reached XP level 11. HP: 41/97 MP: 10/12
  7731 | Bailey   | Reached skill level 10 in Fighting
  7731 | Bailey   | Reached skill level 13 in Axes
  7731 | Bailey   | Reached skill level 10 in Armour
  7731 | Bailey   | Reached skill level 10 in Shields
  7731 | Bailey   | Reached XP level 12. HP: 59/107 MP: 13/13
  7920 | D:9      | Noticed a two-headed ogre
  7925 | D:9      | Killed a two-headed ogre
  7926 | D:9      | Reached skill level 14 in Axes
  8007 | D:9      | Noticed Amaemon
  8015 | D:9      | Killed Amaemon
  8184 | D:9      | Found a transporter.
  8553 | D:10     | Entered Level 10 of the Dungeon
  8836 | D:10     | Received a gift from Okawaru
  8856 | D:10     | Received a gift from Okawaru
  9048 | D:10     | Identified the +8 spear of the Poles {vorpal, rPois Dex+8}
  9072 | D:10     | Found Machijie's Jewellery Shoppe.
  9108 | D:10     | Received a gift from Okawaru
  9154 | D:10     | Found a staircase to the Orcish Mines.
  9162 | D:10     | Reached skill level 15 in Axes
  9585 | D:11     | Reached skill level 5 in Invocations
  9900 | D:11     | Received a gift from Okawaru
 10076 | D:11     | Reached XP level 13. HP: 13/116 MP: 10/16
 11085 | D:10     | Bought a +6 ring of strength for 432 gold pieces
 11085 | D:10     | Bought an amulet of regeneration for 360 gold pieces
 11170 | Lair:1   | Entered Level 1 of the Lair of Beasts
 11349 | Lair:1   | You fall into a shaft and drop 1 floor!
 11478 | Lair:2   | Reached skill level 16 in Axes
 11527 | Lair:2   | Found a staircase to the Swamp.
 11644 | Lair:2   | Reached ***** piety under Okawaru
 12121 | Lair:3   | Received a gift from Okawaru
 12133 | Lair:3   | Found a staircase to the Snake Pit.
 12668 | Lair:3   | Identified a scroll of acquirement
 12668 | Lair:3   | Acquired the +3 pair of seven-league boots {Rampage+∞}
 12668 | Lair:3   | Found the +3 pair of seven-league boots {Rampage+∞}
 12947 | Lair:4   | Noticed Snorg
 12959 | Lair:4   | Killed Snorg
 12960 | Lair:4   | Reached skill level 17 in Axes
 13391 | Lair:4   | Found a runed translucent door.
 13502 | Lair:4   | Noticed a minotaur
 13510 | Lair:4   | Killed a minotaur
 13511 | Lair:4   | Reached XP level 14. HP: 119/127 MP: 10/18
 13887 | Lair:5   | Entered Level 5 of the Lair of Beasts
 14138 | Lair:5   | Found the +9 sword of Zonguldrok {reap}
 14319 | Lair:5   | Identified the +0 cloak of the Red Skies {+Inv Will- Dex+2}
                  | (Okawaru gifted it to you on level 5 of the Lair of Beasts)
 14319 | Lair:5   | Received a gift from Okawaru
 14339 | Lair:5   | Got Beff's Meditations on the Voltaic Pyromaniac
 14539 | Lair:5   | Reached skill level 18 in Axes
 14891 | Lair:5   | Found a viscous altar of Jiyva.
 14891 | Lair:5   | Found a staircase to the Slime Pits.
 15921 | Lair:1   | Identified the +4 whip "Finwieng" {flame, Dex+3}
 16218 | D:12     | Received a gift from Okawaru
 16219 | D:12     | Reached XP level 15. HP: 132/139 MP: 14/20
 16380 | D:12     | Noticed Nessos
 16397 | D:12     | HP: 1/139 [poisoned by Nessos]
 16397 | D:12     | Shot with an arrow by Nessos

Illustrated notes

Levels and vault maps discovered:
D:1:      dpeg_arrival_arbitrary_b, layout_basic,
          hellmonk_ecumenical_altar_pennies_from_heaven
D:2:      layout_loops_ring, serial_shops, nicolae_diamond_shop, uniq_robin
D:3:      layout_loops_corners
D:4:      layout_gridville, uniq_eustachio
D:5:      minmay_clustersquares, layout_basic, uniq_menkaure, uniq_duvessa,
          uniq_blork_the_orc
D:6:      layout_loops_cross, chequers_temple_overflow_minitemple,
          minmay_temple_entry_junction, minmay_quadrilaterals
D:7:      layout_gridville, lightli_church_of_beogh
D:8:      layout_rooms, minmay_manual_mullet
D:9:      layout_roguey, hellmonk_lair_entry_icy, enter_bailey_6, special_room
          [special_room_orc], nicolae_diode_basic, uniq_amaemon
D:10:     layout_big_octagon, erik_orc_1, serial_shops, nicolae_take_the_stairs
D:11:     layout_layer_cave, gauntlet_entry_generic
D:12:     layout_stronghold, portal_ice_cave_rime, minmay_misc_feat_columns,
          uniq_nessos, uniq_maurice, uniq_jorgrun
Temple:   compressed_dpeg_circular_temple
Lair:1:   layout_roguey [special_room_bee]
Lair:2:   layout_long_grid, minmay_swamp_entry_reptiles, serial_rivers,
          chequers_serial_rivers_micro_a, chequers_serial_rivers_small_b,
          chequers_serial_rivers_small_3, chequers_serial_rivers_small_3,
          chequers_serial_rivers_micro_d, serial_bayou_shore_b
Lair:3:   layout_misc_corridors, guppyfry_snake_entry_island,
          serial_bayou_shore_a, lemuel_fruit_fields,
          infiniplex_staircase_pool_2, lemuel_fruit_tree
Lair:4:   dreamdust_labyrinth, layout_regular_city, uniq_snorg
Lair:5:   due_jungle_book, layout_gridlike, minmay_slime_entry_pillars,
          wad_woods_road_04

Skill      XL: |  1  2  3  4  5  6  7  8  9 10 11 12 13 14 |
---------------+-------------------------------------------+-----
Axes           | 3 4 5 7 8 10 12 13 15 17 18 | 18.0
Fighting       | 4 5 6 8 9 10 11 12 14 | 14.4
Armour         | 4 5 6 8 9 10 11 12 14 | 14.3
Shields        | 4 5 6 8 9 10 11 12 14 | 14.4
Throwing       | 1 2 3 4 5 |  5.0
Invocations    | 3 5 7 8 |  8.0

Action                   |  1- 3 |  4- 6 |  7- 9 | 10-12 | 13-15 || total
-------------------------+-------+-------+-------+-------+-------++-------
Melee: War axe           |    82 |    77 |   229 |   107 |       ||   495
       Headbutt          |     8 |     6 |    33 |    52 |   142 ||   241
       Broad axe         |       |       |       |   190 |   530 ||   720
Throw: Dart              |       |     3 |       |       |       ||     3
       Javelin           |       |       |       |       |     3 ||     3
Invok: Heroism           |       |       |       |    16 |    29 ||    45
       Finesse           |       |       |       |     3 |    12 ||    15
  Use: Scroll            |     4 |     7 |     8 |     6 |    10 ||    35
       Potion            |       |       |     1 |     1 |     1 ||     3
Armor: Scale mail        |    42 |    38 |   131 |    53 |       ||   264
       Plate armour      |       |       |       |   120 |   271 ||   391
Dodge: Dodged            |    45 |    42 |    94 |    96 |   175 ||   452
Block: Buckler           |    29 |    25 |    54 |   109 |   186 ||   403

Table legend: (Time is in decaauts)
 A = Elapsed time spent in this place.
 B = Non-inter-level travel time spent in this place.
 C = Inter-level travel time spent in this place.
 D = Time resting spent in this place.
 E = Time spent auto-exploring this place.
 F = Levels seen in this place.
 G = Mean time per level.
                   A        B        C        D        E       F      G
               +--------+--------+--------+--------+--------+-----+--------+
         Total |  16285 |  15766 |    519 |   1555 |   7715 |  19 |  857.1 |
       Dungeon |  10806 |  10417 |    389 |   1175 |   4964 |  12 |  900.5 |
        Temple |    103 |    103 |      0 |      0 |     35 |   1 |  103.0 |
          Lair |   4793 |   4663 |    130 |    128 |   2684 |   5 |  958.6 |
        Bailey |    581 |    581 |      0 |    252 |     31 |   1 |  581.0 |
               +--------+--------+--------+--------+--------+-----+--------+

Top non-repeatable levels by time:
    D:11: 1528 daAuts
  Lair:5: 1431 daAuts
  Lair:4: 1182 daAuts
     D:5: 1128 daAuts
    D:10: 1029 daAuts
     D:6: 995 daAuts
     D:4: 948 daAuts
     D:8: 909 daAuts
     D:7: 901 daAuts
     D:3: 883 daAuts
     D:9: 871 daAuts
  Lair:1: 813 daAuts
     D:2: 776 daAuts
  Lair:3: 695 daAuts
  Lair:2: 670 daAuts
